 Dungeon Crawl Stone Soup version 0.19.1-1-g22dce08 (webtiles) character file.

789 nikopol the Skirmisher (level 7, -2/44 HPs)
             Began as a Gargoyle Berserker on Jan 17, 2017.
             Was a Priest of Trog.
             Killed by divine providence
             ... invoked by an orc priest
              (11 damage)
             ... on level 5 of the Dungeon.
             The game lasted 00:10:22 (4025 turns).

nikopol the Skirmisher (Gargoyle Berserker)         Turns: 4025, Time: 00:10:23

Health: -2/44      AC: 15    Str: 20    XL:     7   Next: 87%
Magic:  7/7        EV: 15    Int:  8    God:    Trog [***...]
Gold:   120        SH:  0    Dex: 11    Spells: 0 memorised, 6 levels left

rFire  + + .     SeeInvis .     a - +0 war axe
rCold  . . .     Gourm    .     r - +2 scale mail {rF+}
rNeg   + . .     Faith    .     (no shield)
rPois  ∞         Spirit   .     (no helmet)
rElec  +         Reflect  .     (no cloak)
rCorr  .         Harm     .     i - +0 pair of gloves
MR     .....                    (no boots)
Stlth  ..........               (no amulet)
                                k - ring of protection from fire
                                j - +4 ring of evasion

@: slowed, very slow
A: negative energy resistance 1, electricity resistance, unbreathing,
petrification resistance, rot immunity, AC +4
a: Berserk, Trog's Hand, Burn Spellbooks, Renounce Religion


You were on level 5 of the Dungeon.
You worshipped Trog.
Trog was most pleased with you.
You were not hungry.

You visited 1 branch of the dungeon, and saw 5 of its levels.

You collected 120 gold pieces.

Inventory:

Hand Weapons
 a - a +0 war axe (weapon)
 w - a +0 hand axe
Missiles
 g - 52 arrows
Armour
 b - a +0 animal skin
 i - a +0 pair of gloves (worn)
 q - a +0 ring mail
 r - a +2 scale mail of fire resistance (worn)
Jewellery
 j - a +4 ring of evasion (left hand)
 k - a ring of protection from fire (right hand)
 n - a +3 amulet of reflection {unknown}
 x - an uncursed ring of magical power {unknown}
Scrolls
 d - 3 scrolls of blinking {unknown}
 e - 6 scrolls of identify {unknown}
 f - 3 scrolls of amnesia {unknown}
 h - 3 scrolls of enchant weapon {unknown}
 l - a scroll of fog {unknown}
 m - a scroll of random uselessness {unknown}
 s - a scroll of enchant armour {unknown}
 u - a scroll of magic mapping {unknown}
 y - 2 scrolls of fear {unknown}
 B - a scroll of teleportation {unknown}
 C - a scroll of remove curse {unknown}
Potions
 o - 4 potions of curing {unknown}
 p - a potion of resistance {unknown}
 t - 4 potions of invisibility {unknown}
 v - a potion of might {unknown}
 A - a potion of ambrosia {unknown}
Comestibles
 c - 4 bread rations
 z - 3 chunks of flesh


   Skills:
 + Level 5.6 Fighting
 * Level 5.1 Axes
 + Level 4.6 Armour
 + Level 3.6 Dodging


You had 6 spell levels left.
You didn't know any spells.

Dungeon Overview and Level Annotations

Branches:
Dungeon (5/15)
 Temple: D:4-7

Altars:
Ashenzari
Dithmenos
Kikubaaqudgha
Sif Muna
Trog
Xom
Yredelemnul
Zin


Innate Abilities, Weirdness & Mutations

You are resistant to torment.
Your stone body is resilient. (AC +4)
You are immune to poison.
You resist negative energy. (rN+)
You are resistant to electric shocks. (rElec)
You can survive without breathing.
You are immune to petrification.
You are immune to rotting.


Message History

You are too injured to fight recklessly!
You are too injured to fight recklessly!
You are too injured to fight recklessly!
You are too injured to fight recklessly!
You are too injured to fight recklessly!
You are too injured to fight recklessly!
Okay, then.
The orc wizard hits you with a dagger.
* * * LOW HITPOINT WARNING * * *
The orc wizard gestures wildly while chanting.
The orc wizard seems to speed up.
The orc priest casts a cantrip, but nothing happens.
The orc wizard mumbles some strange words.
The orc wizard blinks!
The orc wizard points at you and mumbles some strange words.
You feel yourself slow down.
There is a stone staircase leading up here.
The orc priest invokes the aid of Beogh against you.
Beogh smites you!
You die...

.....!..........#.#
.##....o...o.../.....
........§.).#........
.....................
.......).........#
.##..............#
..<.....)o.>.#...#
>......oo....#.......
.##....@...##..#....
########## #.. ...
.## ## ##


You could see an orc priest, 3 orc wizards and an orc.

Vanquished Creatures
  A phantom (D:5)
  An ogre (D:4)
  3 howler monkeys
  2 orc priests (D:3)
  A bullfrog zombie (D:2)
  A bullfrog skeleton (D:4)
  An orc wizard (D:3)
  2 centaur skeletons
  Terence (D:2)
  Ijyb (D:2)
  A worker ant (D:4)
  9 adders
  An adder skeleton (D:4)
  4 worms
  2 dart slugs
  6 leopard geckos
  13 orcs
  9 giant cockroaches
  16 goblins
  7 hobgoblins
  4 jackals (D:3)
  4 quokkas
  A ball python skeleton (D:4)
  10 bats
  7 frilled lizards
  12 kobolds
  A leopard gecko skeleton (D:5)
  7 rats
  3 plants (D:1)
131 creatures vanquished.

Notes
Turn   | Place    | Note
-------+----------+-------------------------------------------
     0 | D:1      | nikopol the Gargoyle Berserker began the quest for the Orb.
     0 | D:1      | Reached XP level 1. HP: 14/14 MP: 1/1
   100 | D:1      | Reached XP level 2. HP: 13/19 MP: 2/2
   450 | D:1      | Reached XP level 3. HP: 24/24 MP: 3/3
   904 | D:1      | Reached ** piety under Trog
  1033 | D:2      | Reached XP level 4. HP: 13/29 MP: 4/4
  1266 | D:2      | Noticed Terence
  1284 | D:2      | Killed Terence
  1579 | D:2      | Noticed Ijyb
  1599 | D:2      | Killed Ijyb
  1599 | D:2      | Reached XP level 5. HP: 32/33 MP: 5/5
  2102 | D:3      | Reached XP level 6. HP: 19/39 MP: 6/6
  2516 | D:3      | Reached *** piety under Trog
  2692 | D:2      | Found a shattered altar of Ashenzari.
  2819 | D:4      | Reached skill level 5 in Fighting
  2819 | D:4      | Reached XP level 7. HP: 40/44 MP: 7/7
  3431 | D:4      | Found a bloodstained altar of Trog.
  3431 | D:4      | Found a glowing silver altar of Zin.
  3433 | D:4      | Found a shimmering altar of Xom.
  3434 | D:4      | Found a deep blue altar of Sif Muna.
  3435 | D:4      | Found a basalt altar of Yredelemnul.
  3435 | D:4      | Found an ancient bone altar of Kikubaaqudgha.
  3435 | D:4      | Found a shadowy altar of Dithmenos.
  3959 | D:5      | Entered Level 5 of the Dungeon
  3981 | D:5      | Reached skill level 5 in Axes
  4025 | D:5      | Killed from afar by an orc priest

Skill      XL: |  1  2  3  4  5  6  7 |
---------------+----------------------+-----
Dodging        | 2 3 |  3.6
Axes           | 3 4 5 |  5.1
Fighting       | 4 5 |  5.6
Armour         | 3 4 |  4.6

Action                   |  1- 3 |  4- 6 |  7- 9 || total
-------------------------+-------+-------+-------++-------
Melee: Hand axe          |   222 |   149 |       ||   371
       War axe           |       |   137 |    98 ||   235
Invok: Berserk           |       |     1 |     1 ||     2
  Eat: Chunk             |     1 |     7 |     5 ||    13
Armor: Animal skin       |    49 |     2 |       ||    51
       Scale mail        |       |   109 |    38 ||   147
       Ring mail         |       |     3 |       ||     3
Dodge: Dodged            |   123 |   232 |    91 ||   446
